 Dungeon Crawl Stone Soup version 0.31.0-11-ge490571c62 (webtiles) character file.

Game seed: 2234806819866527820

53 qw the Shooter (level 3, -7/18 HPs)
             Began as a Spriggan Hunter on Feb 3, 2024.
             Blown up by Ijyb (13 damage)
             ... with a mindburst bolt
             ... on level 3 of the Dungeon.
             The game lasted 00:00:05 (1907 turns).

qw the Shooter (Spriggan Hunter)                    Turns: 1907, Time: 00:00:05

Health: -7/18      AC:  3    Str:  7    XL:     3   Next: 64%
Magic:  4/4        EV: 19    Int: 10    God:
Gold:   164        SH:  0    Dex: 20    Spells: 2/2 levels left

rFire   + . .        a - +0 shortbow
rCold   . . .        (shield currently unavailable)
rNeg    + . .        c - +0 robe
rPois   .            (helmet restricted)
rElec   .            e - +0 cloak
rCorr   .            (gloves unavailable)
SInv    +            (boots unavailable)
Will    .....        (no amulet)
Stlth   ++           g - ring of positive energy
HPRegen 0.23/turn    h - ring of protection from fire
MPRegen 0.09/turn

%: no passive effects
@: very quick
A: very small, no large weapons, unfitting armour, see invisible, speed 3
a: no special abilities


You were on level 3 of the Dungeon.
You visited 1 branch of the dungeon, and saw 3 of its levels.

You collected 164 gold pieces.


Innate Abilities, Weirdness & Mutations

You are very small and have problems with some larger weapons.
You are too small for most types of armour.
You have supernaturally acute eyesight. (SInv)
You cover ground extremely quickly. (Speed+++)


   Skills:
 - Level 1.5 Fighting
 + Level 4.9 Ranged Weapons
 - Level 4.0 Dodging
 - Level 1.5 Stealth


You had 2 spell levels left.
You didn't know any spells.
Your spell library was empty.

Inventory:

Hand Weapons
 a - a +0 shortbow (weapon)
Armour
 c - a +0 robe (worn)
 e - a +0 cloak (worn)
Jewellery
 g - a ring of positive energy (left hand)
 h - a ring of protection from fire (right hand)
Wands
 b - a wand of charming (8)
Potions
 d - a potion of haste
 f - a potion of curing {unknown}
 j - a potion of degeneration {unknown}
 k - a potion of brilliance {unknown}

Dungeon Overview and Level Annotations

Branches:
Dungeon (3/15)

Altars:

Annotations:
D:2 1 runed translucent door, Crazy Yiuf
D:3 Ijyb


Message History

The arrow hits the orc.
The orc is severely wounded.
You shoot an arrow. The arrow hits the orc.
The orc is almost dead.
You shoot an arrow. The arrow barely misses the orc.
The arrow hits the orc.
The orc is heavily wounded.
You shoot an arrow. The arrow hits the orc!
You kill the orc!
You shoot an arrow. The arrow hits the orc.
You kill the orc!
A hobgoblin comes into view.
The hobgoblin shouts!
Ijyb the Twisted Goblin comes into view.
She is wielding a +0 dagger and carrying a wand of mindburst.
You shoot an arrow. The arrow hits the hobgoblin.
The hobgoblin is heavily wounded.
You shoot an arrow. The arrow hits the hobgoblin!
You kill the hobgoblin!
You shoot an arrow. The arrow closely misses Ijyb.
Ijyb zaps a wand.
Your mind is blasted!
Ouch! That really hurt!
1899 ||| FLEEEEING.
Things that are here:
a +0 short sword; a +0 leather armour
1900 ||| FLEEEEING.
You start resting.
Ijyb is nearby!
You shoot an arrow. The arrow hits Ijyb.
Ijyb is moderately wounded.
You shoot an arrow. The arrow hits Ijyb but does no damage.
Ijyb is moderately wounded.
You shoot an arrow. The arrow misses Ijyb.
Ijyb closely misses you.
You shoot an arrow. The arrow hits Ijyb but does no damage.
Ijyb is moderately wounded.
Ijyb completely misses you.
You shoot an arrow. The arrow hits Ijyb.
Ijyb is heavily wounded.
Ijyb zaps a wand.
Your mind is blasted!
Ouch! That really hurt!
You die...

# #######.## #
#.########
#.........
#.#######.
#.#######.
#.........
#.#######. #.#
#@#######.#
#####.g..))....
#.........######
#.#######........
#....g%..
#.######. ...
########## #.#
.........# #.#


You could see Ijyb.

Vanquished Creatures
  A dart slug (D:1)
  7 orcs (D:3)
  4 ball pythons
  3 endoplasms
  4 giant cockroaches (D:1)
  4 goblins
  3 hobgoblins
  2 quokkas
  3 bats
  3 frilled lizards
  2 kobolds
  4 rats
40 creatures vanquished.

Notes
Turn   | Place    | Note
-------+----------+-------------------------------------------
     0 | D:1      | qw the Spriggan Hunter began the quest for the Orb.
     0 | D:1      | Reached XP level 1. HP: 10/10 MP: 2/2
     0 | D:1      | 0 ||| qw: Version: 0.3-a-157-g843a77d
     0 | D:1      | 0 ||| qw: Game counter: 3818
     0 | D:1      | 0 ||| qw: Melee chars always use a shield: true
     0 | D:1      | 0 ||| qw: God list: Okawaru
     0 | D:1      | 0 ||| qw: Allow faded altars: false
     0 | D:1      | 0 ||| qw: Do Orc after clearing Dungeon:15 true
     0 | D:1      | 0 ||| qw: Do second Lair branch before Depths: true
     0 | D:1      | 0 ||| qw: Lair rune preference: random
     0 | D:1      | 0 ||| qw: Goals: Normal
     0 | D:1      | 0 ||| PLANNING D:1-11
    36 | D:1      | Reached skill level 3 in Dodging
    88 | D:1      | Reached XP level 2. HP: 10/14 MP: 3/3
   678 | D:1      | 678 ||| UPGRADING to +0 cloak.
   683 | D:1      | 683 ||| UPGRADING to ring of positive energy.
   684 | D:1      | 684 ||| READING 3 scrolls labelled JOGUMU OGOOJ.
   704 | D:1      | 704 ||| DROPPING scroll of butterflies.
   705 | D:1      | 705 ||| DROPPING 2 scrolls of torment.
  1096 | D:2      | Reached XP level 3. HP: 18/18 MP: 4/4
  1167 | D:2      | Found a runed translucent door.
  1168 | D:2      | Noticed Crazy Yiuf
  1542 | D:2      | 1542 ||| UPGRADING to ring of protection from fire.
  1543 | D:2      | 1543 ||| READING scroll labelled QITUUXKY NUCKIU.
  1543 | D:2      | 1543 ||| IDENTIFYING viscous orange potion
  1544 | D:2      | 1544 ||| READING scroll labelled DAQUOBOXKYLY.
  1545 | D:2      | 1545 ||| READING scroll labelled EBBABL ZOSEO.
  1845 | D:3      | 1845 ||| DROPPING +1 sling of freezing.
  1895 | D:3      | Noticed Ijyb
  1898 | D:3      | HP: 4/18 [disintegration (14)]
  1899 | D:3      | 1899 ||| FLEEEEING.
  1900 | D:3      | 1900 ||| FLEEEEING.
  1907 | D:3      | Blown up by Ijyb

Levels and vault maps discovered:
D:1:      minmay_arrival_solitary_statue, layout_basic
D:2:      layout_basic, nicolae_eternal_life, minivault_25,
          uniq_crazy_yiuf_cottage
D:3:      layout_loops_corners, nicolae_tso_besieged_by_evil, uniq_ijyb,
          uniq_natasha

Skill      XL: |  1  2 |
---------------+-------+-----
Dodging        | 3 4 |  4.0
Fighting       | |  1.5
Ranged Weapons | |  4.9
Stealth        | |  1.5

Action                     || total
---------------------------++-------
   Fire: Shortbow          ||   122
    Use: Scroll            ||     4
 Armour: Robe              ||    10
  Dodge: Dodged            ||    39

Table legend:
 A = Non-vault XP
 B = Vault XP
 C = Vault XP percentage of total XP
 D = Non-vault monster count
 E = Vault monster count
 F = Vault count percentage of total count
                 A         B        C        D         E       F
            +---------+---------+-------+---------+---------+-------
      Total |      77 |       0 |   0.0 |      40 |       0 |   0.0
            +---------+---------+-------+---------+---------+-------
        D:1 |      31 |       0 |   0.0 |      17 |       0 |   0.0
        D:2 |      13 |       0 |   0.0 |       8 |       0 |   0.0
        D:3 |      33 |       0 |   0.0 |      15 |       0 |   0.0
            +---------+---------+-------+---------+---------+-------
